 Dungeon Crawl Stone Soup version 0.25-a0-697-g890751e744 (webtiles) character file.

Game seed: 4310673815236649083, levelgen mode: deterministic

7784 erloom the Grappler (level 11, -1/97 HPs)
             Began as a Ghoul Monk on Apr 1, 2020.
             Was a High Priest of Makhleb.
             Slain by a black mamba (6 damage)
             ... on level 1 of the Lair of Beasts.
             The game lasted 00:18:58 (8031 turns).

erloom the Grappler (Ghoul Monk)                    Turns: 8031, Time: 00:18:58

Health: -1/97      AC: 11    Str: 17    XL:     11   Next: 20%
Magic:  13/13      EV: 13    Int:  7    God:    Makhleb [*****.]
Gold:   451        SH:  0    Dex: 11    Spells: 10/10 levels left

rFire    . . .     SeeInvis +     - Unarmed
rCold    + + .     Gourm    .   (no shield)
rNeg     + + +     Faith    .   A - +3 ring mail of Vlad {rElec rC+ rCorr}
rPois    ∞         Spirit   .   k - +2 hat {SInv}
rElec    +         Reflect  .   (no cloak)
rCorr    +         Harm     .   (no gloves)
MR       .....                  (no boots)
Stlth    +.........             (no amulet)
HPRegen  0.00/turn              (no ring)
MPRegen  0.13/turn              (no ring)

@: rotting
A: rotting body, claws 1, carnivore, cold resistance 1, negative energy
resistance 3, inhibited regeneration, torment resistance, unbreathing
a: Minor Destruction, Lesser Servant of Makhleb, Major Destruction, Greater
Servant of Makhleb, Renounce Religion


You were on level 1 of the Lair of Beasts.
You worshipped Makhleb.
Makhleb was extremely pleased with you.
You were not hungry.

You visited 3 branches of the dungeon, and saw 10 of its levels.

You collected 451 gold pieces.

Inventory:

Hand Weapons
 D - a +0 hunting sling
Missiles
 o - 184 stones (quivered)
 s - 48 sling bullets
 z - 5 boomerangs of dispersal
Armour
 a - a +0 robe
 c - a +1 chain mail
 k - a +2 hat of see invisible (worn)
 A - the +3 ring mail of Vlad (worn) {rElec rC+ rCorr}
   (You found it on level 6 of the Dungeon)

   It protects you from cold.
   It insulates you from electricity.
   It provides partial protection from all sources of acid and corrosion.
Scrolls
 e - a scroll of enchant weapon {unknown}
 f - 3 scrolls of remove curse
 g - 2 scrolls of amnesia
 h - a scroll of random uselessness
 j - 2 scrolls of magic mapping
 l - a scroll of teleportation {unknown}
 r - a scroll of enchant armour
Potions
 d - 3 potions of brilliance
 i - 2 potions of heal wounds
 m - a potion of haste
 n - 3 potions of berserk rage
 p - 2 potions of flight
 q - 2 potions of magic
 t - 4 potions of curing {unknown}
 w - 3 potions of ambrosia
 x - a potion of stabbing
 B - a potion of lignification
Comestibles
 b - 12 rations
 u - 4 chunks of flesh


   Skills:
 + Level 9.6 Fighting
 + Level 5.0 Armour
 + Level 5.0 Dodging
 - Level 2.1 Stealth
 * Level 13.4 Unarmed Combat
 + Level 4.2 Invocations


You had 10 spell levels left.
You didn't know any spells.
Your spell library contained the following spells:

 Spells                   Type           Power        Failure   Level  Hunger
 Animate Skeleton         Necr           N/A          63%         1    ##.....
 Apportation              Tloc           #.....       63%         1    ##.....
 Corona                   Hex            #......      63%         1    ##.....
 Summon Small Mammal      Summ           #...         63%         1    ##.....
 Call Imp                 Summ           #.......     77%         2    ###....
 Sticks to Snakes         Tmut           #.......     77%         2    ###....
 Call Canine Familiar     Summ           #.......     94%         3    ####...
 Confusing Touch          Hex            #.......     94%         3    ####...
 Gell's Gravitas          Tloc           #.........   94%         3    ####...
 Summon Guardian Golem    Hex/Summ       #.......     94%         3    ####...
 Petrify                  Tmut/Erth      #.......     100%        4    #####..
 Summon Ice Beast         Ice/Summ       #.......     100%        4    #####..
 Summon Lightning Spire   Summ/Air       #.......     100%        4    #####..
 Aura of Abjuration       Summ           #.........   100%        5    ######.
 Metabolic Englaciation   Hex/Ice        #.........   100%        5    ######.
 Yara's Violent Unravell  Hex/Tmut       #.........   100%        5    ######.
 Spider Form              Tmut/Pois      Unusable     N/A         3    N/A
 Dragon Form              Tmut           Unusable     N/A         7    N/A

Dungeon Overview and Level Annotations

Branches:
Dungeon (8/15)             Temple (1/1) D:4            Lair (1/6) D:8

Altars:
Ashenzari
Cheibriados
Elyvilon
Fedhas
Gozag
Kikubaaqudgha
Makhleb
Nemelex Xobeh
Okawaru
Qazlal
Sif Muna
Uskayaw
Vehumet
Wu Jian
Yredelemnul
The Shining One

Annotations:
D:3 Jessica


Innate Abilities, Weirdness & Mutations

Your body is rotting away.
You thrive on raw meat.
You are immune to poison.
You have sharp fingernails.
You are carnivorous and can eat meat at any time.
Your flesh is cold resistant. (rC+)
You are immune to negative energy. (rN+++)
You do not regenerate when monsters are visible.
You are immune to unholy pain and torment.
You can survive without breathing.


Message History

The black mamba closely misses you.
You barely miss the black mamba.
The black mamba is heavily wounded.
The black mamba closely misses you. The black mamba completely misses you.
You scratch the black mamba but do no damage.
The black mamba is heavily wounded.
The black mamba barely misses you.
You closely miss the black mamba.
The black mamba is heavily wounded.
The black mamba bites you but does no damage.
The black mamba bites you!
* * * LOW HITPOINT WARNING * * *
You scratch the black mamba.
The black mamba is heavily wounded.
The black mamba bites you!
* * * LOW HITPOINT WARNING * * *
You closely miss the black mamba.
The black mamba is heavily wounded.
The black mamba bites you.
You die...

.. ..# ## #.# ..#
##.# ##..# #..#
##P...# #..#
##S....##.
######..###@........
#...........####...%
###..........## #
.###...######..## ..
#......##.##...# #.
#...........# ##..
########
#^..........###..
##....)P##
#P.#.#####.##....
##..###...# #..###
###....###..## #÷.##


You could see a black mamba.

Vanquished Creatures
  Gastronok (Lair:1)
  Joseph (D:7)
  Prince Ribbit (D:7)
  Grinder (D:3)
  The ghost of Musclomancer the Chopper, an amateur FoFi (D:4)
  The ghost of liluieth the Grave Robber, an amateur DENe (D:3)
  Sigmund (D:2)
  Grum (Lair:1)
  A basilisk (D:7)
  Menkaure (D:5)
  Duvessa (D:7)
  2 water moccasins (Lair:1)
  3 ice beasts
  An orc warrior (D:4)
  2 sky beasts
  A black bear (D:7)
  6 necrophages
  An ogre (D:5)
  2 wolves (Lair:1)
  3 centaurs (D:7)
  2 big kobolds (D:7)
  6 bullfrogs
  2 crocodiles
  Blork the orc (D:6)
  A water moccasin zombie (D:8)
  A scorpion (D:4)
  A water moccasin skeleton (D:7)
  Dowan (D:7)
  2 howler monkeys
  4 wights
  2 centaur zombies
  4 bullfrog zombies
  2 hounds
  4 bullfrog skeletons
  6 orc wizards
  An orc priest (D:3)
  A jelly (D:5)
  Natasha (thrice) (D:2)
  5 iguanas
  7 worker ants
  A hound zombie (D:8)
  A hound skeleton (D:7)
  2 mummies (D:8)
  A howler monkey zombie (D:6)
  3 worker ant zombies
  10 adders
  3 gnolls (D:4)
  3 shadow imps
  5 oozes
  An adder zombie (D:8)
  4 adder skeletons
  4 worms
  A dart slug (D:2)
  5 leopard geckos
  17 orcs
  2 ball pythons
  7 bats
  9 giant cockroaches
  10 goblins
  8 hobgoblins
  5 jackals
  6 quokkas
  6 frilled lizards
  A giant cockroach zombie (D:4)
  14 kobolds
  2 quokka skeletons (D:3)
  5 rats
224 creatures vanquished.

Vanquished Creatures (others)
  A fungus (Lair:1)
1 creature vanquished.

Grand Total: 225 creatures vanquished

Notes
Turn   | Place    | Note
-------+----------+-------------------------------------------
     0 | D:1      | erloom the Ghoul Monk began the quest for the Orb.
     0 | D:1      | Reached XP level 1. HP: 19/19 MP: 0/0
   200 | D:1      | Reached skill level 4 in Unarmed Combat
   200 | D:1      | Reached XP level 2. HP: 22/26 MP: 1/1
   752 | D:2      | Reached XP level 3. HP: 27/31 MP: 2/2
   871 | D:2      | Reached skill level 5 in Unarmed Combat
   964 | D:2      | Reached XP level 4. HP: 12/38 MP: 3/3
  1289 | D:2      | Found a stormy altar of Qazlal,
  1393 | D:2      | Reached XP level 5. HP: 34/46 MP: 4/4
  1502 | D:2      | Noticed Natasha
  1507 | D:2      | Killed Natasha
  1754 | D:2      | Noticed Sigmund
  1774 | D:2      | Killed Sigmund
  1774 | D:2      | Reached skill level 6 in Unarmed Combat
  1774 | D:2      | Reached XP level 6. HP: 35/53 MP: 5/5
  1833 | D:2      | Noticed Natasha
  1841 | D:2      | Killed Natasha
  1861 | D:2      | Noticed Natasha
  1869 | D:2      | Killed Natasha
  1869 | D:2      | Reached skill level 7 in Unarmed Combat
  2130 | D:3      | Found a glowing golden altar of the Shining One,
  2149 | D:3      | Found a basalt altar of Yredelemnul,
  2208 | D:3      | Noticed Grinder
  2216 | D:3      | Paralysed by Grinder for 4 turns
  2225 | D:3      | Killed Grinder
  2225 | D:3      | Reached skill level 5 in Fighting
  2225 | D:3      | Reached skill level 1 in Armour
  2225 | D:3      | Reached XP level 7. HP: 52/61 MP: 6/6
  2368 | D:3      | Found a runed translucent gate,
  2368 | D:3      | Found a runed translucent gate,
  2371 | D:3      | Found a runed translucent gate,
  2373 | D:3      | Noticed liluieth's ghost (amateur DENe)
  2384 | D:3      | Found a white marble altar of Elyvilon,
  2546 | D:3      | Found an ancient bone altar of Kikubaaqudgha,
  2754 | D:3      | Noticed Jessica
  2891 | D:3      | Noticed an angel
  3001 | D:3      | Killed liluieth's ghost
  3001 | D:3      | Reached skill level 8 in Unarmed Combat
  3005 | D:3      | Reached XP level 8. HP: 60/67 MP: 7/7
  3143 | D:4      | Found a transporter,
  3143 | D:4      | Noticed Musclomancer's ghost (amateur FoFi)
  3158 | D:4      | Found a staircase to the Ecumenical Temple,
  3172 | Temple   | Entered the Ecumenical Temple
  3264 | Temple   | Became a worshipper of Makhleb the Destroyer
  3264 | Temple   | Reached * piety under Makhleb
  3264 | Temple   | Reached ** piety under Makhleb
  3383 | D:4      | Found an ornate altar of the Wu Jian Council,
  3617 | D:4      | Found a transporter,
  4300 | D:4      | HP: 2/70 [orc warrior/+0 glaive (3)]
  4303 | D:4      | Reached skill level 9 in Unarmed Combat
  4397 | D:5      | Entered Level 5 of the Dungeon
  4500 | D:5      | Reached skill level 1 in Invocations
  4522 | D:5      | Reached *** piety under Makhleb
  4637 | D:5      | Found an iron altar of Okawaru,
  4720 | D:5      | Found a shimmering blue altar of Sif Muna,
  4765 | D:5      | Noticed Menkaure
  4774 | D:5      | Killed Menkaure
  4776 | D:5      | Reached XP level 9. HP: 50/78 MP: 9/9
  4996 | D:5      | Found a blossoming altar of Fedhas,
  5005 | D:5      | Reached skill level 10 in Unarmed Combat
  5137 | D:4      | Killed Musclomancer's ghost
  5187 | D:4      | Got an encrusted chain mail
  5199 | D:4      | Identified the +0 chain mail of Kyxeqyo {rF+ Int+2 Slay-4}
                  | (You found it on level 4 of the Dungeon)
  5289 | D:6      | Got a distressingly furry ring mail
  5305 | D:6      | Identified the +3 ring mail of Vlad {rElec rC+ rCorr} (You
                  | found it on level 6 of the Dungeon)
  5385 | D:6      | Noticed Blork the orc
  5391 | D:6      | Killed Blork the orc
  5637 | D:7      | Noticed Prince Ribbit
  5687 | D:7      | Killed Prince Ribbit
  5755 | D:7      | Noticed Joseph
  5773 | D:7      | Killed Joseph
  5773 | D:7      | Reached skill level 11 in Unarmed Combat
  5883 | D:7      | Found an opulent altar of Gozag,
  6123 | D:7      | Reached **** piety under Makhleb
  6195 | D:7      | Reached XP level 10. HP: 88/88 MP: 12/12
  6226 | D:7      | Noticed Duvessa
  6226 | D:7      | Noticed Dowan
  6230 | D:7      | Killed Dowan
  6241 | D:7      | Killed Duvessa
  7251 | D:8      | Reached skill level 12 in Unarmed Combat
  7258 | D:8      | Noticed a death yak
  7338 | D:8      | Found a staircase to the Lair,
  7695 | D:8      | Reached skill level 5 in Dodging
  7710 | D:8      | Reached skill level 5 in Armour
  7799 | D:8      | Noticed an elephant
  7800 | Lair:1   | Entered Level 1 of the Lair of Beasts
  7811 | Lair:1   | Noticed Grum
  7823 | Lair:1   | Reached ***** piety under Makhleb
  7829 | Lair:1   | Killed Grum
  7888 | Lair:1   | Noticed Gastronok
  7918 | Lair:1   | Killed Gastronok
  7918 | Lair:1   | Reached skill level 13 in Unarmed Combat
  7918 | Lair:1   | Reached XP level 11. HP: 77/97 MP: 13/13
  7990 | Lair:1   | Identified Ysoar's Papyrus of Creative Transmigration
  8031 | Lair:1   | Slain by a black mamba

Levels and vault maps discovered:
D:1:      dpeg_arrival_boxes_within_box, layout_basic
D:2:      layout_basic, nicolae_qazlal_eye_of_the_storm, minmay_split_cup_large,
          uniq_natasha, uniq_sigmund
D:3:      layout_loops_ring, grunt_temple_overflow_holy_war, elyvilon_altar_5,
          nicolae_overflow_crystal_walls, tgw_sif, first_ration,
          gammafunk_ghost_necromancy, uniq_grinder
D:4:      minmay_thinvault, layout_loops_corners, lemuel_doored_altar,
          minmay_temple_entry_glassed_door, gammafunk_ghost_mausoleum,
          kennysheep_another_room, patterned_corridor
D:5:      layout_loops_ring, overflow_temple_1_default, basic_altar,
          wad_floor_pattern_1, okawaru_metal_pillars_1_2, uniq_menkaure
D:6:      layout_basic, uniq_blork_the_orc
D:7:      minmay_recursive_quarters, layout_basic, kennysheep_mini,
          uniq_prince_ribbit1, uniq_duvessa, uniq_joseph
D:8:      layout_basic, david_lair_generic, serial_undead, serial_undead_d,
          serial_undead_b, serial_undead_d, serial_undead_f, serial_undead_a,
          serial_undead_f, serial_undead_d, serial_undead_a, blue_anna_alchemist
          [blue_anna_fruit_fields, blue_anna_fruit_fields],
          mrwooster_statue_mirror
Temple:   minmay_temple_curvy_loop
Lair:1:   layout_layer_cave, minmay_lair_oklob_bushes, grunt_megastairs_4,
          uniq_grum, uniq_gastronok

Skill      XL: |  1  2  3  4  5  6  7  8  9 10 |
---------------+-------------------------------+-----
Unarmed Combat | 4 5 6 7 8 9 11 13 | 13.4
Dodging        | 3 4 5 |  5.0
Fighting       | 4 5 6 7 9 |  9.6
Armour         | 1 2 3 4 5 |  5.0
Invocations    | 2 4 |  4.2
Stealth        | |  2.1

Action                   |  1- 3 |  4- 6 |  7- 9 | 10-12 || total
-------------------------+-------+-------+-------+-------++-------
Melee: Unarmed           |    97 |   126 |   366 |   288 ||   877
       Punch             |       |     1 |    10 |    12 ||    23
  Use: Scroll            |       |       |     6 |     9 ||    15
       Potion            |       |       |     3 |       ||     3
 Stab: Sleeping          |       |       |     1 |       ||     1
  Eat: Chunk             |     4 |    16 |    45 |    24 ||    89
Armor: Chain mail        |    58 |    44 |   105 |       ||   207
       Robe              |     1 |       |       |       ||     1
       Ring mail         |       |       |    35 |   116 ||   151
Dodge: Dodged            |    47 |    26 |   131 |   208 ||   412

Table legend:
 A = Non-vault XP
 B = Vault XP
 C = Vault XP percentage of total XP
 D = Non-vault monster count
 E = Vault monster count
 F = Vault count percentage of total count
                 A         B        C        D         E       F
            +---------+---------+-------+---------+---------+-------
      Total |    3727 |    7393 |  66.5 |     160 |      64 |  28.6
            +---------+---------+-------+---------+---------+-------
        D:1 |      24 |       0 |   0.0 |      12 |       0 |   0.0
        D:2 |     247 |     254 |  50.7 |      30 |       6 |  16.7
        D:3 |     101 |     574 |  85.0 |      23 |       5 |  17.9
        D:4 |     242 |     698 |  74.3 |      20 |      18 |  47.4
        D:5 |     695 |     169 |  19.6 |      18 |       1 |   5.3
        D:6 |     107 |      91 |  46.0 |       4 |       1 |  20.0
        D:7 |    1330 |    2171 |  62.0 |      37 |      17 |  31.5
        D:8 |     596 |     645 |  52.0 |      13 |      12 |  48.0
     Lair:1 |     385 |    2791 |  87.9 |       3 |       4 |  57.1
            +---------+---------+-------+---------+---------+-------
